 Dungeon Crawl Stone Soup version 0.24-a0-217-g1152973 (webtiles) character file.

Game seed: 16038223870716767121

113 emperorscorpion the Conjurer (level 4, -1/24 HPs)
             Began as a Deep Elf Conjurer on Mar 29, 2019.
             Was a Follower of Ashenzari.
             Slain by an orc wizard
             ... wielding a +1 dagger of venom
              (4 damage)
             ... on level 3 of the Dungeon.
             The game lasted 00:07:11 (3152 turns).

emperorscorpion the Conjurer (Deep Elf Conjurer)    Turns: 3152, Time: 00:07:12

Health: -1/24      AC:  3    Str:  5    XL:     4   Next: 65%
Magic:  1/12       EV: 12    Int: 21    God:    Ashenzari [*.....]
Gold:   106        SH:  3    Dex: 15    Spells: 4/11 levels left

rFire    . . .     SeeInvis .   d - +0 dagger
rCold    . . .     Gourm    .   q - +0 buckler (curse)
rNeg     . . .     Faith    .   a - +0 robe
rPois    .         Spirit   .   (no helmet)
rElec    .         Reflect  .   l - +0 cloak
rCorr    .         Harm     .   (no gloves)
MR       .....                  (no boots)
Stlth    ++........             (no amulet)
HPRegen  0.08/turn              (no ring)
MPRegen  0.13/turn              (no ring)

@: very slightly contaminated
A: no striking features
a: Curse Item, Scrying, Renounce Religion


You were on level 3 of the Dungeon.
You worshipped Ashenzari.
Ashenzari was aware of your devotion.
You were not hungry.

You visited 1 branch of the dungeon, and saw 4 of its levels.

You collected 106 gold pieces.

Inventory:

Hand Weapons
 d - a +0 dagger (weapon)
Missiles
 k - 22 poisoned needles
 m - 5 needles of frenzy
 p - 4 tomahawks (quivered)
Armour
 a - a +0 robe (worn)
 l - a +0 cloak (worn)
 q - a cursed +0 buckler (worn)
Wands
 o - a wand of clouds (5)
Scrolls
 e - 2 scrolls of identify
 h - 4 scrolls of teleportation
Potions
 b - a potion of invisibility {unknown}
 f - 2 potions of cancellation {unknown}
 g - 3 potions of heal wounds {unknown}
 i - a potion of berserk rage {unknown}
Comestibles
 c - 7 rations


   Skills:
 + Level 2.6 Dodging
 + Level 2.8 Stealth
 + Level 4.3 Spellcasting
 + Level 5.9 Conjurations


You had 4 spell levels left.
You knew the following spells:

 Your Spells              Type           Power        Failure   Level  Hunger
a - Magic Dart            Conj           ####         1%          1    None
b - Searing Ray           Conj           ####..       2%          2    #......
c - Iskenderun's Mystic   Conj           ####....     17%         4    ####...

Your spell library contained the following spells:

 Spells                   Type           Power        Failure   Level  Hunger
 Dazzling Spray           Conj/Hex       ###...       17%         3    ##.....
 Summon Small Mammal      Summ           #...         19%         1    None
 Call Imp                 Summ           #.......     28%         2    #......
 Call Canine Familiar     Summ           #.......     50%         3    ##.....
 Summon Guardian Golem    Hex/Summ       #.......     50%         3    ##.....
 Force Lance              Conj/Tloc      ###.....     50%         4    ####...
 Fulminant Prism          Conj/Hex       ###.......   50%         4    ####...
 Summon Ice Beast         Ice/Summ       #.......     88%         4    ####...
 Summon Lightning Spire   Summ/Air       #.......     88%         4    ####...


Dungeon Overview and Level Annotations

Branches:
Dungeon (4/15)
 Temple: D:4-7

Altars:
Ashenzari
Ru

Annotations:
D:3 1 runed translucent door, derval's ghost, amateur DEAE


Message History

Confirm with . or Enter, or press ? or * to list all spells.
Aiming: Searing Ray (safe; 2% risk of failure)
Press: ? - help, Shift-Dir - straight line, f - orc wizard
Aim: an orc wizard, wielding a +1 dagger of venom and wearing a +0 robe (heavily wounded)
The searing ray hits the orc wizard but does no damage.
The orc wizard is heavily wounded. (Press . to maintain the ray.)
The orc wizard misses you. The adder closely misses you.
The searing ray hits the orc wizard.
The orc wizard is almost dead.
The orc wizard casts a spell at you. The puff of frost hits you!
* * * LOW HITPOINT WARNING * * *
The adder closely misses you.
Without enough magic to sustain it, your searing ray dissipates.
You block the adder's attack.
The orc wizard hits you but does no damage.
The adder barely misses you.
The orc wizard hits you with a +1 dagger of venom.
You die...

#.# #.# #.#
#.####..โ‰ˆโ‰ˆ.#
#.# #.#####.####.#
#...รท.# #.#
#............#
##โ‰ˆ.##. #.#
#######.######
#.###. #####.## #.#
#.# #. .......# #.#
#.#### .......# #.#
#..... .......#
########S# ######
.......###.....o@.#
#....
...........########
#.### .......###.#
#.# .......# #.#
#.# .##.####
#.####### #.# .##.#
#......[# #.#
.##.#### #.#####.#
#.# .##....# #[#
#.# #.# # .#####.#
#.# #.# #)# #


You could see an orc wizard and an adder.

Vanquished Creatures
  A worker ant (D:4)
  2 adders
  2 oozes
  A worm (D:2)
  A dart slug (D:1)
  2 leopard geckos (D:3)
  An orc (D:3)
  2 giant cockroaches (D:1)
  10 hobgoblins
  2 ball pythons
  11 bats
  8 frilled lizards
  5 goblins
  6 kobolds
  5 rats
59 creatures vanquished.

Notes
Turn   | Place    | Note
-------+----------+-------------------------------------------
     0 | D:1      | emperorscorpion the Deep Elf Conjurer began the quest for
                  | the Orb.
     0 | D:1      | Reached XP level 1. HP: 10/10 MP: 6/6
    61 | D:1      | Found a shattered altar of Ashenzari.
    65 | D:1      | Became a worshipper of Ashenzari the Shackled
   254 | D:1      | Reached XP level 2. HP: 15/15 MP: 4/8
   555 | D:1      | Reached skill level 5 in Conjurations
   943 | D:1      | Reached XP level 3. HP: 19/19 MP: 7/10
  1211 | D:2      | Learned a level 2 spell: Searing Ray
  1374 | D:2      | Found a sacrificial altar of Ru.
  2276 | D:3      | Reached XP level 4. HP: 24/24 MP: 8/12
  2538 | D:3      | Reached * piety under Ashenzari
  2676 | D:3      | Found a runed translucent door.
  2684 | D:3      | Noticed derval's ghost (amateur DEAE)
  2936 | D:3      | Learned a level 4 spell: Iskenderun's Mystic Blast
  3152 | D:3      | Slain by an orc wizard

Levels and vault maps discovered:
D:1:      giann_forest_graveyard, layout_loops_ring, serial_bayou_pond_d,
          ashenzari_altar_1
D:2:      layout_basic, nicolae_ru_awakened_eye
D:3:      layout_loops_ring, ebering_ghost_reflecting_pool,
          chequers_serial_rivers_micro_c
D:4:      layout_cave_pools, lightli_temple_of_fire, gammafunk_ghost_grave,
          serial_shops, nicolae_shop_crystal, nicolae_shop_waterfront,
          kennysheep_mini, nemelex_spade_bored_becter

Skill      XL: |  1  2  3 |
---------------+----------+-----
Conjurations   | 5 |  5.9
Spellcasting   | 4 |  4.3
Dodging        | |  2.6
Stealth        | |  2.8

Action                   |  1- 3 |  4- 6 || total
-------------------------+-------+-------++-------
Melee: Dagger            |     5 |       ||     5
 Cast: Magic Dart        |    77 |    32 ||   109
       Searing Ray       |     3 |     1 ||     4
       Iskenderun's Myst |       |     1 ||     1
Invok: Curse Item        |       |     1 ||     1
  Use: Scroll            |     1 |     2 ||     3
  Eat: Chunk             |     4 |     3 ||     7
Armor: Robe              |     3 |     2 ||     5
Dodge: Dodged            |     5 |    12 ||    17
Block: Buckler           |       |     2 ||     2

Table legend:
 A = Non-vault XP
 B = Vault XP
 C = Vault XP percentage of total XP
 D = Non-vault monster count
 E = Vault monster count
 F = Vault count percentage of total count
                 A         B        C        D         E       F
            +---------+---------+-------+---------+---------+-------
      Total |     162 |       0 |   0.0 |      59 |       0 |   0.0
            +---------+---------+-------+---------+---------+-------
        D:1 |      44 |       0 |   0.0 |      24 |       0 |   0.0
        D:2 |      29 |       0 |   0.0 |      11 |       0 |   0.0
        D:3 |      55 |       0 |   0.0 |      23 |       0 |   0.0
        D:4 |      34 |       0 |   0.0 |       1 |       0 |   0.0
            +---------+---------+-------+---------+---------+-------
